Map: King Sejong Station LE

Players

Miszu - Winner!

  • Race: Terran Terran
  • League: Master

poltuPear

  • Race: Terran Terran
  • League: Master

VOD

Have the link to the VOD?

Description

Time

  • Played on: July 6, 2016, 7:54 p.m.
  • Length: 3:19
Show
View Real Time Build Order
Export as new Build Order

Miszu Terran - Winner!

Build Orders:  

Get SALT Encoding   

  12  0:02  SCV  
  13  0:14  SCV  
  14  0:18  Supply Depot  
  14  0:26  SCV  
  15  0:40  SCV  
  15  0:41  Barracks  
  16  0:44  Refinery  
  16  0:52  SCV  
  17  1:02  Barracks  
  18  1:04  SCV  
  18  1:16  SCV  
  19  1:28  Reaper  
  19  1:29  Orbital Command  
  20  1:43  Supply Depot  
  20  1:49  Reaper  
  21  2:01  SCV  
  21  2:03  Reaper  
  23  2:14  SCV  
  24  2:16  Command Center  
  24  2:24  Refinery, Reaper  
  24  2:26  SCV  
  26  2:42  Reaper  
  28  2:51  SCV  
  28  2:55  Barracks  
Show
View Real Time Build Order
Export as new Build Order

poltuPear Terran 

Build Orders:  

Get SALT Encoding   

  12  0:01  SCV  
  13  0:13  SCV  
  14  0:17  Supply Depot  
  14  0:25  SCV  
  14  0:27  Refinery  
  15  0:39  SCV  
  16  0:45  Barracks  
  16  0:51  SCV  
  17  1:03  SCV  
  18  1:15  SCV  
  19  1:31  Orbital Command  
  19  1:32  Marine  
  20  1:49  Command Center  
  20  1:58  Supply Depot, SCV  
  21  2:06  Barracks Reactor  
  20  2:10  SCV  
  20  2:15  Factory  
  21  2:22  SCV  
  22  2:23  Refinery  
  22  2:34  SCV  
  23  2:41  Marine  
  23  2:42  Marine  
  24  2:51  SCV  
  24  3:06  SCV  
Tags
 
Add a new tag
Caveats
  • Supply blocks, unpowered buildings, or Contaminate may cause inaccurate times.
  • Supply counts are checked every 10 seconds.